 Dungeon Crawl Stone Soup version 0.28.0-62-gf88900778d (webtiles) character file.

Game seed: 2457016623310162697

30 cbfl8 the Covered (level 3, 0/33 HPs)
             Began as a Minotaur Fighter on Sept 8, 2023.
             Slain by a worm (8 damage)
             ... on level 2 of the Dungeon.
             The game lasted 00:00:40 (616 turns).

cbfl8 the Covered (Minotaur Fighter)                 Turns: 616, Time: 00:00:41

Health: 0/33       AC:  7    Str: 20    XL:     3   Next: 3%
Magic:  2/2        EV:  9    Int:  5    God:
Gold:   13         SH:  4    Dex: 11    Spells: 2/2 levels left

rFire   . . .      SeeInvis .   a - +0 war axe
rCold   . . .      Faith    .   c - +0 buckler
rNeg    . . .      Spirit   .   b - +0 scale mail
rPois   .          Reflect  .   (helmet restricted)
rElec   .          Harm     .   (no cloak)
rCorr   .          Rampage  .   (no gloves)
Will    .....                   (no boots)
Stlth   ..........              (no amulet)
HPRegen 0.11/turn               (no ring)
MPRegen 0.08/turn               (no ring)

@: no status effects
A: horns 2, retaliatory headbutt
a: no special abilities


You were on level 2 of the Dungeon.
You visited 1 branch of the dungeon, and saw 2 of its levels.

You collected 13 gold pieces.

Inventory:

Hand Weapons
 a - a +0 war axe (weapon)
Armour
 b - a +0 scale mail (worn)
 c - a +0 buckler (worn)
Scrolls
 f - a scroll of immolation {unknown}
 g - 3 scrolls of teleportation {unknown}
Potions
 d - a potion of might
 e - a potion of berserk rage {unknown}


   Skills:
 + Level 4.0 Fighting
 + Level 3.0 Axes
 + Level 4.0 Armour
 + Level 3.8 Shields
 * Level 0.6 Evocations


You had 2 spell levels left.
You didn't know any spells.
Your spell library contained the following spells:

 Spells                   Type           Power      Damage    Failure   Level
 Summon Small Mammal      Summ           0%         N/A       89%         1
 Call Canine Familiar     Summ           0%         N/A       99%         3
 Summon Guardian Golem    Hex/Summ       0%         N/A       99%         3


Dungeon Overview and Level Annotations

Branches:
Dungeon (2/15)

Altars:

Annotations:
D:2 Sigmund


Innate Abilities, Weirdness & Mutations

You have a pair of horns on your head.
You reflexively headbutt those who attack you in melee.


Message History

The kobold shouts!
The giant cockroach barely misses you. You furiously retaliate!
You headbutt the giant cockroach!
You kill the giant cockroach!
The adder bites you but does no damage.
You barely miss the kobold. You closely miss the adder.
The adder bites you but does no damage. The kobold completely misses you.
The adder bites you. You block the kobold's attack.
You slash the kobold!
You kill the kobold!
You hit the adder. You hit the hobgoblin. You block the adder's attack.
The hobgoblin barely misses you. You furiously retaliate!
You headbutt the hobgoblin.
You kill the hobgoblin!
The giant cockroach closely misses you. You block the adder's attack.
You have reached level 3!
Your experience leads to an increase in your attributes!
Increase (S)trength, (I)ntelligence, or (D)exterity?
You feel agile. x2
You closely miss the giant cockroach. You miss the adder. You hit the worm.
You block the adder's attack. You block the giant cockroach's attack.
The worm bites you.
* * * LOW HITPOINT WARNING * * *
You barely miss the giant cockroach. You slash the worm! You miss the adder.
The adder bites you but does no damage.
The giant cockroach bites you but does no damage.
You block the adder's attack. The giant cockroach barely misses you.
You block the worm's attack.
You slash the giant cockroach!
You kill the giant cockroach!
You hit the adder. You barely miss the worm. The adder completely misses you.
The adder closely misses you. The worm bites you but does no damage.
Your Axes skill increases to level 3!
Unknown command.
You slash the goblin!
You kill the goblin!
You hit the adder.
You kill the adder!
You hit the worm. The worm bites you!
You die...

###.# ##.# #.#
#.#### #.# ..#
#..†.####.##.#
####....#....#
####.....####
####.....##.#.
##..†........
#...w.##.....
#..##@).(....
(....
####<....
.#... ....
...##. ... ..
.. .


You could see a worm.

Vanquished Creatures
  An adder (D:2)
  2 dart slugs (D:1)
  2 giant cockroaches (D:2)
  7 goblins
  3 hobgoblins
  5 kobolds
  3 ball pythons
  A bat (D:2)
  2 rats (D:1)
26 creatures vanquished.

Notes
Turn   | Place    | Note
-------+----------+-------------------------------------------
     0 | D:1      | cbfl8 the Minotaur Fighter began the quest for the Orb.
     0 | D:1      | Reached XP level 1. HP: 19/19 MP: 0/0
    59 | D:1      | Reached XP level 2. HP: 26/27 MP: 1/1
   510 | D:1      | Found a faded altar of an unknown god.
   557 | D:1      | You fall into a shaft and drop 1 floor!
   557 | D:2      | Noticed Sigmund
   613 | D:2      | Reached XP level 3. HP: 12/33 MP: 2/2
   616 | D:2      | Slain by a worm

Illustrated notes

Levels and vault maps discovered:
D:1:      dpeg_arrival_pits, layout_basic, basic_ecumenical_altar
D:2:      layout_rooms, uniq_terence, uniq_sigmund

Skill      XL: |  1  2  3 |
---------------+----------+-----
Armour         | 4 |  4.0
Fighting       | 4 |  4.0
Axes           | 3 |  3.0
Shields        | |  3.8
Evocations     | |  0.6

Action                   || total
-------------------------++-------
Melee: War axe           ||    45
       Headbutt          ||     6
Armor: Scale mail        ||    31
Dodge: Dodged            ||    29
Block: Buckler           ||    18
